 Dungeon Crawl Stone Soup version 0.22-a0-388-g09e6169 (webtiles) character file.

272 Mgcat the Insei (level 6, -1/57 HPs)
             Began as an Octopode Transmuter on Apr 29, 2018.
             Slain by an ufetubus (3 damage)
             ... summoned by Eustachio
             ... on level 4 of the Dungeon.
             The game lasted 00:08:43 (2969 turns).

Mgcat the Insei (Octopode Transmuter)               Turns: 2969, Time: 00:08:44

Health: -1/57      AC: 23    Str: 10      XL:     6   Next: 23%
Magic:  3/9        EV:  2    Int: 17      God:
Gold:   164        SH:  0    Dex: 11 (12) Spells: 3/9 levels left

rFire    . . .     SeeInvis .     - Unarmed
rCold    . . .     Gourm    .   (no shield)
rNeg     + + +     Faith    .   (helmet currently unavailable)
rPois    +         Spirit   .   (no amulet)
rElec    .         Reflect  .   (no ring)
rCorr    .         Harm     .   (no ring)
MR       .....     NoTele   +   (no ring)
Stlth    +.........             (no ring)
HPRegen  0.19/turn              (no ring)
MPRegen  0.11/turn              (no ring)
                                (no ring)
                                (no ring)

@: tree-form (expiring), berserk cooldown, very slightly contaminated, slowed,
very slow
A: almost no armour, stealthy swim, (amphibious), 8 rings, (constrict 8)
a: no special abilities


You were on level 4 of the Dungeon.
You were not hungry.
You were a tree.
You visited 1 branch of the dungeon, and saw 4 of its levels.

You collected 164 gold pieces.

Inventory:

Hand Weapons
 a - a +0 blowgun
   (You took it off a kobold on level 3 of the Dungeon)
Missiles
 g - a throwing net {=f, !d}
 n - 2 curare-tipped needles
 q - 23 arrows
 r - 12 poisoned needles
Jewellery
 b - an uncursed ring of teleportation {+/*tele, !d}
   (You took it off a hobgoblin on level 1 of the Dungeon)
Scrolls
 h - a scroll of fog
 j - 2 scrolls of identify
 o - a scroll of remove curse
Potions
 d - a potion of brilliance
 e - a potion of agility
 p - a potion of flight
Comestibles
 c - 10 rations
 i - 5 chunks of flesh {@w0}


   Skills:
 - Level 1.0 Fighting
 - Level 2.0 Dodging
 + Level 4.7 Unarmed Combat
 - Level 2.0 Spellcasting
 + Level 4.1 Transmutations
 + Level 3.3 Poison Magic


You had 3 spell levels left.
You knew the following spells:

 Your Spells              Type           Power        Failure   Level  Hunger
a - Beastly Appendage     Tmut           ###...       3%          1    #......
b - Sticks to Snakes      Tmut           ###.....     5%          2    ###....
c - Spider Form           Tmut/Pois      ##........   12%         3    ###....


Dungeon Overview and Level Annotations

Branches:
Dungeon (4/15)
 Temple: D:4-7

Altars:
The Shining One

Annotations:
D:4 Eustachio


Innate Abilities, Weirdness & Mutations

You cannot wear most types of armour.
You are very stealthy in the water. (Stealth+)
((You are amphibious.))
You can wear up to eight rings at the same time.
((You can use your tentacles to constrict eight enemies at once.))
((Your skin changes colour to match your surroundings (Stealth+).))
((Your rubbery body absorbs attacks. (AC +1, EV +1)))


Message History

The quasit barely misses you.
The quasit claws you but does no damage.
The quasit bites you but does no damage.
The quasit claws you but does no damage. x2
Eustachio casts a spell.
The iron imp hits you but does no damage.
You hit Eustachio but do no damage.
Eustachio is lightly wounded.
You feel sick.
You are no longer poisoned.
The quasit barely misses you.
The quasit claws you but does no damage. x2
Eustachio casts a spell.
The quasit bites you but does no damage.
The quasit claws you but does no damage. x2
The iron imp hits you but does no damage.
You barely miss Eustachio.
Eustachio is lightly wounded.
The bat hits you but does no damage. x2
The quasit bites you but does no damage.
The quasit barely misses you.
The quasit claws you but does no damage.
Eustachio says, "Summoning is fun!"
Eustachio gestures wildly while chanting.
The iron imp hits you but does no damage.
The quasit bites you but does no damage.
The quasit barely misses you.
The quasit claws you but does no damage.
Eustachio hits you but does no damage.
You smack Eustachio!
Eustachio is moderately wounded.
The bat hits you but does no damage.
The quasit bites you but does no damage.
The quasit claws you but does no damage.
The quasit claws you.
* * * LOW HITPOINT WARNING * * *
You feel clumsy.
Eustachio casts a spell.
Eustachio blinks!
The iron imp hits you but does no damage.
The quokka bites you but does no damage.
The quasit bites you but does no damage.
The quasit claws you but does no damage. x2
You cannot move.
You cannot move.
You cannot move.
Casting: Beastly Appendage (safe; 3% risk of failure)
Confirm with . or Enter, or press ? or * to list all spells.
You are stuck in your current form!
Casting: Spider Form (safe; 12% risk of failure)
Confirm with . or Enter, or press ? or * to list all spells.
You miscast Sticks to Snakes.
You are very lightly contaminated with residual magic.
You feel a strange surge of energy!
The iron imp disappears in a puff of smoke!
The quokka bites you but does no damage.
The quasit bites you but does no damage.
The quasit claws you.
* * * LOW HITPOINT WARNING * * *
The quasit claws you but does no damage.
The crimson imp hits you but does no damage.
The ufetubus hits you but does no damage. x2
The quasit bites you but does no damage.
The quasit completely misses you.
The quasit claws you but does no damage.
The quokka bites you but does no damage.
Casting: Sticks to Snakes (safe; 5% risk of failure)
Confirm with . or Enter, or press ? or * to list all spells.
You create a snake!
You now have 24 arrows.
The ufetubus hits you but does no damage. x2
The crimson imp hits you but does no damage.
The quasit bites you but does no damage.
The quasit claws you but does no damage. x2
The quokka bites you but does no damage.
The ufetubus hits you but does no damage. x2
The crimson imp hits you but does no damage.
The quasit bites you but does no damage.
The quasit claws you but does no damage. x2
The ufetubus hits you but does no damage. x2
The quokka bites you but does no damage.
The ufetubus hits you but does no damage.
The ufetubus completely misses you.
The quasit bites you but does no damage.
The quasit claws you but does no damage. x2
The crimson imp hits you but does no damage.
The quokka bites you but does no damage.
Casting: Sticks to Snakes (safe; 5% risk of failure)
Confirm with . or Enter, or press ? or * to list all spells.
You create a snake!
You now have 23 arrows.
Your transformation is almost over.
The ufetubus barely misses you.
The ufetubus hits you but does no damage.
The quasit bites you but does no damage.
The quasit claws you but does no damage. x2
Your ball python barely misses Eustachio.
Your ball python closely misses Eustachio.
The quokka bites you but does no damage.
The crimson imp hits you but does no damage.
The ufetubus hits you.
You die...

# # #. .# [##
.#### .. .....
#. ###r.####
#.###♣5r.....
#..S55rb.....
#......S@#..####
##.#######.....
# ..... ####.


You could see Eustachio, a quasit, a crimson imp, a river rat, an ufetubus, a
quokka, a bat, a rat, a friendly adder and a friendly ball python.

Vanquished Creatures
  The ghost of Mgcat the Insei, an amateur OpTm (D:3)
  A scorpion (D:4)
  A hound (D:4)
  4 adders
  A worm (D:3)
  A dart slug (D:2)
  4 leopard geckos
  An orc (D:3)
  12 bats
  3 giant cockroaches
  7 goblins
  11 hobgoblins
  4 jackals (D:1)
  A quokka (D:2)
  4 ball pythons
  A frilled lizard (D:1)
  8 kobolds
  7 rats
72 creatures vanquished.

Vanquished Creatures (collateral kills)
  A goblin (D:3)
  A kobold (D:2)
2 creatures vanquished.

Grand Total: 74 creatures vanquished

Notes
Turn   | Place    | Note
-------+----------+-------------------------------------------
     0 | D:1      | Mgcat the Octopode Transmuter began the quest for the Orb.
     0 | D:1      | Reached XP level 1. HP: 13/13 MP: 3/3
   277 | D:1      | Reached XP level 2. HP: 9/18 MP: 3/5
   579 | D:1      | Learned a level 2 spell: Sticks to Snakes
   773 | D:1      | Reached XP level 3. HP: 23/23 MP: 4/6
   789 | D:1      | Learned a level 3 spell: Spider Form
  1431 | D:2      | Reached skill level 3 in Transmutations
  1552 | D:2      | Reached skill level 1 in Poison Magic
  1614 | D:2      | Reached XP level 4. HP: 22/28 MP: 7/7
  1843 | D:2      | Reached skill level 4 in Unarmed Combat
  2493 | D:3      | Noticed Mgcat's ghost (amateur OpTm)
  2501 | D:3      | Killed Mgcat's ghost
  2501 | D:3      | Reached skill level 2 in Poison Magic
  2501 | D:3      | Reached XP level 5. HP: 31/33 MP: 2/8
  2851 | D:3      | Found a glowing golden altar of the Shining One.
  2922 | D:4      | Reached skill level 4 in Transmutations
  2922 | D:4      | Reached skill level 3 in Poison Magic
  2942 | D:4      | Reached XP level 6. HP: 10/38 MP: 6/9
  2943 | D:4      | HP: 6/38 [leopard gecko (4)]
  2948 | D:4      | HP: 8/85 [poisoned by a scorpion]
  2953 | D:4      | HP: 4/57 [poisoned by a scorpion]
  2958 | D:4      | HP: 4/57 [poisoned by a scorpion]
  2959 | D:4      | Noticed Eustachio
  2963 | D:4      | HP: 3/57 [poisoned by a scorpion]
  2966 | D:4      | HP: 1/57 [quasit[Eustachio] (2)]
  2969 | D:4      | Slain by an ufetubus

Vault maps used:
D:1:      ncdulo_lavacross, minmay_statues_item
D:2:      minmay_kobold_bridge
D:3:      tso_altar
D:4:      minitemple, first_ration, uniq_eustachio

Skill      XL: |  1  2  3  4  5 |
---------------+----------------+-----
Transmutations | 3 4 |  4.1
Poison Magic   | 1 2 3 |  3.3
Unarmed Combat | 4 |  4.7
Fighting       | |  1.0
Dodging        | |  2.0
Spellcasting   | |  2.0

Action                   |  1- 3 |  4- 6 || total
-------------------------+-------+-------++-------
Melee: Unarmed           |    80 |    92 ||   172
       Kick              |    14 |    16 ||    30
       Tentacles         |    10 |    17 ||    27
       Constrict         |    17 |    24 ||    41
       Punch             |     4 |     3 ||     7
 Fire: Blowgun           |       |     1 ||     1
 Cast: Beastly Appendage |    21 |    23 ||    44
       Sticks to Snakes  |     4 |     4 ||     8
  Use: Scroll            |     2 |     8 ||    10
       Potion            |       |     2 ||     2
 Stab: Sleeping          |     3 |     2 ||     5
  Eat: Chunk             |     2 |     6 ||     8
Armor: Skin              |     8 |    77 ||    85
Dodge: Dodged            |    59 |    91 ||   150

Table legend:
 A = Spawn XP
 B = Non-spawn XP
 C = Spawn XP percentage of total XP
 D = Spawn monster count
 E = Non-spawn monster count
 F = Spawn count percentage of total count
 G = Total turns spent on level
                    A         B        C        D         E        F      G
               +---------+---------+-------+---------+---------+-------+---------
         Total |       0 |     389 |   0.0 |       0 |      74 |   0.0 |  2969
               +---------+---------+-------+---------+---------+-------+---------
           D:1 |       0 |      41 |   0.0 |       0 |      24 |   0.0 |  1271
           D:2 |       0 |      74 |   0.0 |       0 |      28 |   0.0 |   910
           D:3 |       0 |     161 |   0.0 |       0 |      19 |   0.0 |   721
           D:4 |       0 |     113 |   0.0 |       0 |       3 |   0.0 |    67
               +---------+---------+-------+---------+---------+-------+---------

Vault maps used:
D:1:      ncdulo_lavacross, minmay_statues_item
D:2:      minmay_kobold_bridge
D:3:      tso_altar
D:4:      minitemple, first_ration, uniq_eustachio

Table legend:
 A = Turns spent in this place as a percentage of turns spent in the entire game.
 B = Non-inter-level travel turns spent in this place as a percentage of non-inter-level travel turns spent in the entire game.
 C = Inter-level travel turns spent in this place as a percentage of turns spent in this place.
 D = Turns resting spent in this place as a percentage of non-inter-level travel turns spent in this place.
 E = Turns spent auto-exploring this place as a percentage of non-inter-level travel turns spent in this place.
 F = Non-inter-level travel turns spent in this place divided by the number of levels of this place that you've seen.
                   A       B       C       D       E      F
               +-------+-------+-------+-------+-------+----------------------
         Total | 100.0 | 100.0 |   3.7 |   2.5 |  77.6 | 714.8
       Dungeon | 100.0 | 100.0 |   3.7 |   2.5 |  77.6 | 714.8
               +-------+-------+-------+-------+-------+----------------------

Table legend:
 A = Kills in this place as a percentage of kills in entire the game.
 B = Kills by you in this place as a percentage of kills by you in the entire game.
 C = Kills by friends in this place as a percentage of kills by friends in the entire game.
 D = Other kills in this place as a percentage of other kills in the entire game.
 E = Experience gained in this place as a percentage of experience gained in the entire game.
 F = Experience gained in this place divided by the number of levels of this place that you have seen.
                   A       B       C       D       E      F
               +-------+-------+-------+-------+-------+----------------------
         Total | 100.0 | 100.0 | 100.0 |   N/A | 100.0 |  97.2
       Dungeon | 100.0 | 100.0 | 100.0 |   N/A | 100.0 |  97.2
               +-------+-------+-------+-------+-------+----------------------
